Map: Ruins of Endion

Players

Miszu - Winner!

  • Race: Terran Terran
  • League: Master

IIIIIIIIIIII

  • Race: Protoss Protoss
  • League: Master

VOD

Have the link to the VOD?

Description

Time

  • Played on: March 28, 2016, 5:45 p.m.
  • Length: 22:27
Show
View Real Time Build Order
Export as new Build Order

Miszu Terran - Winner!

Build Orders: Command Center First (CC), MMM Bio 

Get SALT Encoding   

  12  0:01  SCV  
  13  0:13  SCV  
  14  0:17  Supply Depot  
  14  0:25  SCV  
  15  0:39  SCV  
  16  0:51  SCV  
  17  1:00  Command Center  
  17  1:05  SCV  
  18  1:17  SCV  
  18  1:18  Barracks  
  19  1:29  SCV  
  19  1:32  Barracks  
  20  1:41  SCV  
  20  1:46  Barracks  
  21  1:53  SCV  
  22  2:05  Orbital Command  
  22  2:06  Marine  
  23  2:12  Orbital Command  
  23  2:18  Marine  
  24  2:24  Marine  
  25  2:31  SCV  
  25  2:33  Refinery x2  
  25  2:34  Marine  
  25  2:36  Marine  
  28  2:40  SCV  
  28  2:42  Marine  
  30  2:44  SCV  
  31  2:52  Marine, SCV  
  31  2:54  Marine  
  31  2:56  SCV  
  35  3:04  Supply Depot, SCV  
  35  3:05  Barracks Tech Lab  
  36  3:06  Supply Depot  
  36  3:08  SCV  
  37  3:13  Barracks Reactor  
  37  3:16  SCV  
  38  3:25  Refinery  
  38  3:26  SCV  
  39  3:28  Marine x2, SCV  
  41  3:41  Stimpack  
  41  3:42  SCV x2  
  41  3:46  Marine x2  
  45  3:51  Marine  
  45  3:54  Factory, SCV  
  45  3:55  SCV  
  48  3:56  Marine  
  49  4:03  Supply Depot  
  49  4:04  Marine x2  
  49  4:06  SCV  
  49  4:09  Marine  
  53  4:12  SCV  
  54  4:19  Supply Depot  
  54  4:21  Engineering Bay  
  54  4:25  Marine x2, SCV x2  
  54  4:27  Supply Depot, Marine  
  54  4:29  Marauder  
  61  4:37  SCV  
  61  4:38  Factory Reactor  
  62  4:39  Starport  
  62  4:41  SCV  
  63  4:46  Marine x2  
  63  4:49  SCV  
  63  4:51  Marine, Marauder  
  63  4:52  Bunker  
  69  4:53  SCV  
  70  5:03  SCV  
  71  5:08  Missile Turret  
  71  5:12  Liberator x2  
  66  5:17  Marauder  
  59  5:31  SCV  
  59  5:34  SCV  
  62  5:43  SCV  
  62  5:44  Marine x2  
  62  5:45  Marine  
  62  5:46  SCV  
  67  5:55  SCV  
  68  5:58  SCV  
  68  6:03  Combat Shields  
  68  6:04  Barracks Tech Lab, Command Center  
  68  6:07  SCV  
  68  6:08  Refinery  
  68  6:11  SCV  
  70  6:12  Medivac x2  
  74  6:19  Marauder, SCV  
  74  6:23  SCV  
  78  6:26  Supply Depot  
  78  6:27  Supply Depot  
  78  6:34  SCV  
  78  6:35  Barracks  
  78  6:38  Barracks  
  78  6:46  SCV  
  78  6:48  SCV  
  78  6:50  Marauder  
  78  6:52  Medivac x2  
  78  6:53  Marine, Marauder  
  88  6:58  SCV  
  88  7:00  SCV  
  90  7:03  Supply Depot  
  90  7:04  Supply Depot  
  90  7:05  Supply Depot, Terran Infantry Armor Level 1  
  90  7:10  SCV  
  90  7:13  SCV  
  91  7:17  Marine, Marauder  
  94  7:23  Barracks Reactor  
  94  7:24  Marine  
  94  7:25  Barracks Tech Lab, Marauder, SCV x2  
  99  7:36  Marine  
  100  7:39  Marauder  
  100  7:40  SCV x2  
  100  7:42  Marine  
  105  7:45  Orbital Command  
  105  7:46  Marauder  
  107  7:52  SCV  
  107  7:54  Marine  
  107  7:55  Marauder  
  107  7:56  Medivac x2  
  115  8:00  Marine  
  115  8:04  Marine  
  114  8:08  Marine, Marauder  
  114  8:09  Marine  
  118  8:17  SCV  
  118  8:18  Marauder, SCV x2  
  125  8:20  Barracks  
  125  8:23  Barracks  
  125  8:24  Barracks  
  125  8:26  Liberator x2  
  125  8:27  Refinery  
  125  8:28  Refinery  
  125  8:29  SCV  
  124  8:35  SCV  
  124  8:36  SCV  
  124  8:38  Supply Depot  
  124  8:39  Supply Depot x2  
  126  8:41  SCV  
  126  8:48  Fusion Core  
  133  8:57  Marauder, SCV x3  
  133  8:59  Marine, Marauder  
  133  9:01  Marine  
  142  9:04  Marine, Marauder  
  142  9:08  Liberator  
  142  9:09  Liberator, SCV x3  
  148  9:14  Barracks Tech Lab  
  148  9:15  Barracks Reactor, Barracks Tech Lab  
  148  9:19  Terran Infantry Weapons Level 1  
  148  9:22  Marine  
  148  9:23  Marauder  
  151  9:24  Engineering Bay  
  151  9:25  Armory  
  151  9:29  Starport  
  157  9:31  Marine, Marauder  
  160  9:56  Command Center, Marine x3, Marauder  
  165  10:00  Marine  
  165  10:10  Marine  
  165  10:14  Marine  
  165  10:22  Marine  
  165  10:23  Marine  
  165  10:25  Marine, Marauder  
  165  10:26  Marine x2, Marauder  
  165  10:29  Marine  
  165  10:32  Marine  
  165  10:36  Marine  
  165  10:51  Marine x2, Liberator  
  165  10:53  Marauder  
  165  10:58  Terran Infantry Armor Level 2, Marine x3  
  165  11:01  Marine  
  165  11:03  Marine  
  165  11:04  Marauder  
  165  11:05  Marine  
  165  11:06  Marauder  
  165  11:10  Marine  
  165  11:11  Marine  
  162  11:14  Marauder  
  162  11:15  Marine x2  
  162  11:17  Marauder  
  157  11:19  Marine  
  157  11:21  Marauder  
  157  11:23  Marine  
  158  11:25  Marauder  
  158  11:27  Marine  
  158  11:28  Marine  
  144  11:34  Marine x2  
  144  11:35  Viking, Marine, Medivac  
  144  11:36  Marauder  
  144  11:37  Marine  
  144  11:38  Marauder  
  150  11:42  Marauder  
  135  11:52  Marine  
  135  11:53  Marine x5, Marauder  
  121  11:54  Marine  
  121  11:56  Marine  
  121  11:57  Planetary Fortress  
  121  11:59  Marauder  
  125  12:02  Medivac  
  125  12:04  Marauder  
  125  12:05  Medivac  
  131  12:10  Marine, Medivac  
  131  12:11  Marine, Marauder  
  131  12:13  Ghost Academy  
  137  12:22  Marine x4, Marauder x2  
  145  12:31  Terran Infantry Weapons Level 2  
  145  12:42  Command Center  
  147  12:45  Medivac x2  
  147  12:47  Medivac, Ghost  
  152  12:55  Concussive Shells  
  152  12:57  Ghost x2  
  152  12:58  Liberator, Ghost  
  157  13:16  Medivac, Ghost x2  
  166  13:21  Terran Infantry Armor Level 3  
  160  13:34  Ghost  
  160  13:35  Ghost x2  
  166  13:45  Ghost x2  
  166  13:46  Marine x2  
  172  14:03  Ghost x3  
  172  14:09  Marine  
  178  14:10  Marine x4  
  178  14:13  Ghost  
  176  14:25  Medivac x2, Ghost  
  182  14:32  Marauder  
  182  14:46  Medivac  
  183  14:55  Medivac x2  
  182  15:06  Marauder  
  182  15:13  Marine, Marauder  
  182  15:14  Marauder  
  181  15:15  Marauder  
  181  15:16  Medivac  
  181  15:18  Marauder  
  181  15:19  Marine  
  181  15:20  Marine x4  
  183  15:27  Marine  
  184  15:31  Marine  
  184  15:34  Marauder  
  185  15:36  Marine  
  185  15:40  Marauder  
  185  15:42  Marine  
  188  15:45  Marauder  
  172  15:52  Medivac x3  
  172  15:54  Marauder  
  172  15:55  Marauder  
  172  16:01  Missile Turret  
  172  16:03  Missile Turret  
  174  16:04  Missile Turret  
  174  16:06  Ghost  
  174  16:07  Marine x4  
  177  16:15  Orbital Command  
  177  16:23  Marine  
  177  16:24  Marine x5  
  177  16:25  Marine x3  
  189  16:34  Marine  
  186  16:41  Marine  
  186  16:42  Marine x5  
  186  16:43  Marine x3  
  191  16:52  Marine  
  192  17:04  Marine x5  
  192  17:05  Marine x4  
  197  17:10  Marine  
  198  17:22  Marine x9  
  187  17:28  Marine  
  187  17:29  Medivac x2  
  192  17:40  Marine x2  
  192  17:42  Marine  
  192  17:43  Marine  
  186  17:47  Marine x6  
  186  17:51  Missile Turret  
  191  17:55  Command Center  
  191  17:57  Marine  
  191  17:58  Marine  
  187  18:00  Marine x2  
  187  18:05  Marine x6  
  175  18:15  Marine  
  175  18:16  Marine  
  175  18:18  Marine x2  
  179  18:23  Marine  
  179  18:24  Marauder x3  
  178  18:38  Marine  
  178  18:39  Marine x5  
  178  18:40  Marine  
  185  18:44  Marine x3  
  184  18:56  Marine x3  
  184  18:57  Marine  
  171  19:11  Marine  
  172  19:29  Marine  
  153  19:37  Marine x9  
  124  19:46  Marine  
  120  19:54  Marine  
  120  19:55  Marine x8  
  129  20:04  Marine  
  123  20:12  Marine  
  123  20:13  Marine x8  
  128  20:22  Marine  
  129  20:30  Marine  
  129  20:31  Marine x8  
  129  20:35  Planetary Fortress  
  137  20:40  Marine  
  131  20:48  Marine x3  
  131  20:49  Marine x6  
  138  20:54  Medivac x2  
  138  20:55  Medivac  
  144  20:58  Marine  
  145  21:06  Marine x8  
  145  21:07  Marauder  
  155  21:16  Marine  
  156  21:24  Marine x3, Ghost  
  151  21:50  Ghost x3  
  151  21:52  Ghost  
  151  21:53  Orbital Command  
Show
View Real Time Build Order
Export as new Build Order

IIIIIIIIIIII Protoss 

Build Orders: 1 Gate Expand 

Get SALT Encoding   

  12  0:01  Probe (Chrono Boost)  
  13  0:12  Probe (Chrono Boost)  
  14  0:17  Pylon  
  14  0:22  Probe (Chrono Boost)  
  16  0:35  Probe (Chrono Boost)  
  16  0:37  Gateway  
  16  0:46  Assimilator, Probe (Chrono Boost)  
  17  0:57  Probe (Chrono Boost)  
  18  1:08  Probe (Chrono Boost)  
  19  1:18  Probe (Chrono Boost)  
  19  1:24  Nexus  
  20  1:35  Cybernetics Core  
  20  1:36  Probe (Chrono Boost)  
  21  1:46  Assimilator  
  22  1:47  Probe (Chrono Boost)  
  22  1:51  Pylon  
  22  1:58  Probe (Chrono Boost)  
  23  2:11  Mothership Core (Chrono Boost)  
  23  2:12  Adept  
  27  2:19  Forge  
  27  2:20  Warp Gate  
  27  2:29  Probe (Chrono Boost)  
  28  2:37  Probe (Chrono Boost)  
  28  2:40  Probe (Chrono Boost)  
  28  2:41  Adept  
  32  2:47  Probe (Chrono Boost)  
  32  2:50  Probe (Chrono Boost)  
  34  2:55  Protoss Ground Weapons Level 1 (Chrono Boost)  
  34  2:56  Probe  
  35  3:05  Robotics Facility  
  35  3:06  Probe  
  35  3:08  Probe  
  35  3:12  Adept  
  39  3:18  Probe x2  
  41  3:30  Probe  
  42  3:37  Probe  
  43  3:42  Gateway  
  43  3:46  Gateway  
  43  3:47  Adept, Gateway  
  46  3:52  Pylon, Probe  
  46  3:58  Gateway  
  46  4:03  Pylon  
  46  4:06  Warp Prism (Chrono Boost)  
  46  4:08  Pylon  
  46  4:09  Probe  
  46  4:10  Probe  
  50  4:21  Probe  
  50  4:22  Probe  
  52  4:25  Adept  
  54  4:32  Pylon  
  54  4:33  Probe  
  54  4:34  Pylon, Probe  
  56  4:39  Protoss Ground Armor Level 1 (Chrono Boost)  
  56  4:44  Observer  
  56  4:45  Probe  
  57  4:46  Probe  
  59  4:53  Nexus  
  59  5:02  Observer  
  60  5:07  Adept x3  
  62  5:32  Immortal  
  60  5:35  Probe  
  60  5:41  Stalker x4  
  71  5:43  Probe  
  71  5:48  Twilight Council  
  72  5:51  Forge, Probe  
  72  5:55  Probe, Assimilator  
  74  5:59  Assimilator  
  74  6:05  Stalker x4  
  74  6:08  Probe  
  83  6:12  Probe  
  83  6:14  Photon Cannon  
  84  6:20  Probe  
  84  6:24  Probe x2  
  87  6:32  Probe  
  88  6:34  Probe  
  88  6:37  Probe  
  90  6:40  Protoss Ground Weapons Level 2 (Chrono Boost)  
  90  6:44  Probe  
  91  6:48  Protoss Ground Armor Level 2 (Chrono Boost)  
  87  6:56  Blink  
  87  7:00  Probe  
  86  7:01  Assimilator  
  86  7:03  Assimilator  
  86  7:10  Probe  
  86  7:11  Immortal, Probe  
  86  7:13  Pylon, Probe  
  86  7:15  Pylon  
  91  7:18  Pylon  
  91  7:19  Photon Cannon  
  91  7:20  Probe  
  91  7:21  Photon Cannon  
  92  7:23  Pylon x2, Probe  
  93  7:31  Probe  
  93  7:32  Probe  
  93  7:35  Gateway, Probe  
  96  7:38  Photon Cannon  
  96  7:41  Stalker x2, Probe  
  96  7:42  Stalker x2  
  96  7:44  Probe  
  106  7:47  Probe  
  111  7:59  Probe  
  111  8:06  Nexus  
  111  8:10  Adept x4, Pylon  
  111  8:12  Pylon  
  115  8:20  Pylon x2  
  115  8:26  Robotics Facility  
  115  8:30  Pylon  
  115  8:34  Pylon  
  115  8:41  Protoss Ground Weapons Level 3 (Chrono Boost)  
  115  8:48  Probe  
  116  8:52  Assimilator  
  116  8:55  Probe  
  117  8:56  Probe  
  117  8:57  Charge, Assimilator  
  117  8:59  Protoss Ground Armor Level 3 (Chrono Boost)  
  117  9:01  Probe  
  119  9:03  Templar Archives, Pylon  
  119  9:05  Stargate  
  119  9:08  Gateway  
  119  9:09  Gateway  
  119  9:11  Gateway, Zealot x3  
  119  9:14  Pylon  
  125  9:25  Photon Cannon  
  125  9:27  Photon Cannon  
  125  9:28  Observer, Pylon  
  126  9:39  Psionic Storm  
  126  9:48  High Templar  
  126  9:49  High Templar x4, Immortal  
  140  10:00  Fleet Beacon  
  140  10:18  Stalker x3  
  132  10:32  Zealot x4  
  139  10:39  Probe  
  133  10:58  Zealot x5  
  133  10:59  Zealot x2  
  128  11:19  Probe  
  128  11:22  Stalker x5  
  128  11:23  Stalker x2  
  125  11:34  Probe  
  125  11:35  Probe  
  121  11:46  Zealot x4  
  121  11:47  Zealot x3  
  123  11:51  Fleet Beacon  
  121  11:58  Probe  
  121  12:00  Probe x2  
  124  12:02  Assimilator  
  124  12:06  Warp Prism  
  126  12:12  High Templar  
  126  12:13  High Templar, Protoss Air Weapons Level 1, Protoss Shields Level 1 (Chrono Boost)  
  126  12:15  Probe  
  131  12:31  Photon Cannon  
  131  12:33  Stargate  
  131  12:34  High Templar, Photon Cannon  
  131  12:35  High Templar x4  
  131  12:36  Tempest (Chrono Boost)  
  145  12:44  Archon x2  
  145  13:02  Zealot  
  145  13:08  Probe  
  146  13:18  Tempest (Chrono Boost)  
  150  13:22  Tempest (Chrono Boost)  
  152  13:28  Stalker  
  152  13:29  Stalker x5  
  162  13:45  Protoss Shields Level 2  
  162  13:57  High Templar  
  162  14:01  Pylon  
  162  14:02  Pylon  
  164  14:03  Pylon  
  164  14:06  Gateway  
  164  14:08  Nexus  
  164  14:10  Pylon  
  164  14:12  Pylon  
  164  14:14  Pylon  
  164  14:18  Warp Prism  
  164  14:19  Pylon, Tempest (Chrono Boost)  
  164  14:22  Pylon  
  170  14:28  High Templar  
  170  14:29  High Templar  
  170  14:30  Tempest (Chrono Boost)  
  176  14:32  Zealot x5  
  176  14:56  Tempest (Chrono Boost)  
  162  15:05  Zealot x7  
  168  15:26  Zealot x3  
  168  15:27  Zealot x4  
  182  15:29  Immortal  
  186  15:40  Zealot  
  159  16:08  High Templar x6, Tempest x2 (Chrono Boost)  
  159  16:09  High Templar x2, Immortal  
  187  16:16  Probe  
  187  16:18  Probe, Photon Cannon  
  178  16:20  Photon Cannon  
  178  16:22  Photon Cannon  
  177  16:27  Assimilator  
  177  16:30  Assimilator  
  171  16:45  Stalker x6  
  183  16:48  Immortal  
  185  17:10  Archon  
  185  17:11  Archon  
  185  17:12  Stalker x3  
  185  17:13  Stalker x4  
  189  17:39  Zealot x5  
  191  18:16  Stalker  
  191  18:17  Stalker x3  
  195  18:47  Tempest (Chrono Boost)  
  187  19:04  Zealot x6  
  187  19:05  Zealot x2  
  187  19:19  Archon  
  187  19:20  Archon  
  183  19:30  Zealot x4  
  159  19:36  Immortal  
  143  19:39  Tempest (Chrono Boost)  
  119  19:49  High Templar x4  
  115  19:58  Archon  
  115  19:59  Archon  
  111  20:06  Zealot  
  111  20:07  Zealot x3  
  87  20:31  High Templar x7  
  95  20:43  Archon x2  
  82  21:12  Stalker x2  
  82  21:13  Stalker x3  
  70  21:54  Stalker x3  
  70  21:56  High Templar  
  72  22:14  Archon x2  
Tags
 
Add a new tag
Caveats
  • Supply blocks, unpowered buildings, or Contaminate may cause inaccurate times.
  • Supply counts are checked every 10 seconds.